Map: Lightshade LE

Players

Lemon

  • Race: Terran Terran

ButAlways - Winner!

  • Race: Protoss Protoss

Event: DreamHack SC2 Masters 2021 Fall

VOD

Have the link to the VOD?

Description

Time

  • Played on: July 29, 2021, 8:16 a.m.
  • Length: 12:28

All games in this series

Show
View Real Time Build Order
Export as new Build Order

Lemon Terran 

Build Orders:  

Get SALT Encoding   

  12  0:00  SCV  
  13  0:12  SCV  
  14  0:17  Supply Depot  
  14  0:24  SCV  
  15  0:38  SCV  
  15  0:40  Barracks  
  15  0:42  Refinery  
  16  0:50  SCV  
  17  1:02  SCV  
  18  1:14  SCV  
  19  1:27  Marine, Orbital Command  
  20  1:43  Command Center  
  20  1:53  SCV  
  21  1:59  Factory  
  21  2:02  Barracks Reactor  
  21  2:06  SCV  
  22  2:10  Supply Depot  
  22  2:18  SCV  
  22  2:21  Refinery  
  23  2:30  Bunker  
  23  2:32  SCV  
  24  2:41  Marine x2  
  24  2:44  SCV  
  27  2:45  Factory Tech Lab  
  27  2:55  Orbital Command  
  27  2:56  SCV  
  28  2:59  Marine x2  
  28  3:03  Cyclone  
  33  3:08  SCV  
  34  3:13  Starport  
  34  3:17  Marine  
  34  3:19  Marine  
  35  3:20  SCV  
  35  3:23  SCV  
  38  3:32  SCV  
  39  3:35  SCV, Barracks  
  40  3:41  Supply Depot  
  40  3:44  SCV  
  40  3:47  SCV  
  42  3:50  Barracks  
  42  3:52  Marine x2  
  44  3:56  Raven  
  46  4:03  SCV x2, Supply Depot  
  46  4:04  Factory Tech Lab  
  48  4:10  Engineering Bay  
  48  4:12  Refinery, Marine  
  48  4:13  Marine  
  48  4:15  SCV  
  51  4:17  SCV  
  52  4:28  SCV  
  52  4:29  SCV  
  52  4:30  Stimpack, Factory Tech Lab  
  52  4:31  Marauder  
  56  4:39  Terran Infantry Weapons Level 1  
  56  4:40  SCV  
  56  4:42  Marine x2  
  56  4:45  SCV  
  60  4:50  Supply Depot x2, Combat Shield  
  60  4:52  SCV  
  61  4:58  SCV  
  62  5:05  Supply Depot  
  62  5:09  Starport Reactor  
  62  5:10  Refinery  
  62  5:11  Marine, SCV  
  62  5:12  Marauder x2  
  68  5:18  SCV  
  68  5:19  Siege Tank  
  71  5:24  SCV  
  71  5:25  Supply Depot  
  71  5:27  Marine  
  73  5:29  Marine  
  73  5:33  Marauder x2  
  78  5:39  SCV  
  78  5:40  SCV  
  80  5:43  Supply Depot  
  80  5:47  Marine x2  
  80  5:48  Medivac x2  
  83  5:52  SCV  
  83  5:56  Marauder x2  
  88  5:58  Supply Depot  
  88  5:59  SCV  
  88  6:00  Supply Depot  
  89  6:09  SCV  
  90  6:11  SCV  
  90  6:13  Concussive Shells  
  90  6:16  Marine x2  
  90  6:18  Siege Tank  
  96  6:25  SCV x2  
  98  6:27  Supply Depot  
  98  6:30  Marauder x2  
  102  6:33  Terran Infantry Armor Level 1  
  102  6:40  Marine x2  
  102  6:41  Medivac  
  103  6:51  Siege Tank, Marauder  
  103  6:52  SCV  
  103  6:53  SCV  
  108  7:00  Marine x2, Command Center  
  112  7:01  Marauder  
  112  7:08  Viking  
  114  7:15  Marauder  
  115  7:21  Marine x2  
  117  7:24  Marauder  
  97  7:40  Marine x2, Marauder  
  97  7:41  Siege Tank  
  97  7:42  Viking x2  
  101  7:45  Marauder  
  101  7:46  SCV x2  
  105  7:54  Bunker  
  105  7:57  Barracks x2  
  105  8:00  Marine x2  
  107  8:07  Marauder x2  
  108  8:14  Siege Tank  
  108  8:16  Viking x2  
  115  8:22  Supply Depot  
  115  8:29  Marine x2  
  115  8:30  Marauder x2  
  115  8:31  SCV x2  
  121  8:36  Supply Depot  
  121  8:46  Orbital Command  
  121  8:47  Marine  
  122  8:49  Barracks Reactor, Barracks Tech Lab  
  122  8:51  Siege Tank  
  122  8:53  Viking  
  127  8:57  Viking  
  127  8:59  SCV x2  
  131  9:06  Marauder x2  
  134  9:10  Supply Depot  
  134  9:11  SCV  
  134  9:16  Supply Depot  
  135  9:19  Supply Depot  
  135  9:22  Marine x2, Marauder  
  139  9:32  Marine x2, Orbital Command, Marauder x2  
  145  9:52  Marauder  
  147  9:53  Siege Tank  
  147  9:55  Viking x2  
  147  9:58  SCV  
  155  10:00  Marine  
  156  10:08  Armory  
  156  10:14  Refinery x2  
  156  10:16  Ghost Academy, Marauder  
  156  10:20  Marine, Marauder  
  156  10:21  Marine x2, Marauder  
  165  10:34  Viking x2  
  165  10:35  Siege Tank  
  170  10:42  SCV  
  171  11:00  Marine x4, Marauder  
  171  11:01  Marauder x2  
  140  11:19  Marine x3  
  140  11:22  Marine, Marauder x3  
  121  11:28  Viking, Siege Tank  
  121  11:29  Viking  
  128  11:37  Marine x2  
  130  11:43  Marauder x2  
  130  11:44  Marine  
  130  11:45  Marauder  
  130  11:46  Marine  
  138  11:54  Marine x2  
  138  11:55  Supply Depot  
Show
View Real Time Build Order
Export as new Build Order

ButAlways Protoss - Winner!

Build Orders: 1 Gate Expand, Phoenix Opening, Colossus Rush 

Get SALT Encoding   

  12  0:00  Probe  
  13  0:12  Probe  
  14  0:18  Pylon  
  14  0:24  Probe  
  15  0:36  Gateway  
  15  0:37  Probe (Chrono Boost)  
  16  0:46  Probe (Chrono Boost)  
  16  0:47  Assimilator  
  17  0:51  Probe (Chrono Boost)  
  18  1:03  Probe  
  19  1:15  Probe  
  20  1:24  Nexus  
  20  1:34  Cybernetics Core  
  20  1:37  Probe  
  21  1:43  Assimilator  
  21  1:49  Probe  
  22  1:54  Pylon  
  22  2:01  Probe  
  23  2:11  Adept (Chrono Boost)  
  23  2:13  Probe  
  26  2:21  Stargate  
  26  2:26  Probe (Chrono Boost)  
  27  2:33  Adept  
  27  2:36  Warp Gate  
  29  2:38  Probe (Chrono Boost)  
  29  2:39  Probe (Chrono Boost)  
  30  2:46  Probe (Chrono Boost)  
  30  2:47  Probe (Chrono Boost)  
  32  2:52  Probe (Chrono Boost)  
  32  2:53  Probe  
  34  3:03  Probe  
  34  3:05  Phoenix (Chrono Boost), Probe  
  38  3:12  Robotics Facility  
  38  3:16  Probe  
  38  3:17  Probe  
  38  3:19  Assimilator  
  40  3:25  Phoenix (Chrono Boost)  
  42  3:29  Pylon  
  42  3:30  Probe  
  42  3:32  Probe  
  44  3:39  Shield Battery  
  44  3:43  Probe  
  44  3:44  Assimilator  
  44  3:48  Phoenix  
  47  3:49  Probe  
  47  3:55  Probe  
  49  4:01  Probe  
  50  4:02  Pylon  
  50  4:05  Robotics Bay  
  50  4:07  Probe  
  51  4:13  Probe  
  51  4:16  Phoenix  
  54  4:20  Probe  
  55  4:25  Probe  
  55  4:27  Pylon  
  56  4:31  Pylon  
  60  4:39  Probe x2  
  62  4:47  Phoenix  
  62  4:49  Colossus (Chrono Boost)  
  62  4:51  Probe  
  67  4:57  Extended Thermal Lance  
  67  5:03  Gateway x2  
  67  5:20  Phoenix  
  69  5:23  Nexus  
  69  5:24  Sentry  
  71  5:31  Colossus (Chrono Boost)  
  77  5:44  Pylon  
  77  5:54  Gateway  
  77  5:57  Gateway  
  77  6:02  Phoenix  
  77  6:03  Sentry  
  81  6:05  Shield Battery  
  81  6:09  Pylon  
  81  6:14  Colossus (Chrono Boost)  
  86  6:28  Gateway  
  86  6:29  Phoenix (Chrono Boost)  
  86  6:30  Pylon  
  88  6:33  Pylon  
  88  6:35  Gateway, Zealot  
  88  6:39  Stalker  
  90  6:52  Zealot x3  
  90  6:53  Phoenix (Chrono Boost)  
  90  6:57  Warp Prism (Chrono Boost)  
  91  7:05  Sentry  
  91  7:06  Stalker  
  95  7:11  Phoenix (Chrono Boost)  
  97  7:20  Zealot x2  
  101  7:32  Phoenix (Chrono Boost)  
  87  7:37  Colossus (Chrono Boost)  
  93  7:47  Sentry x2, Stalker  
  93  7:48  Zealot x2  
  103  7:54  Phoenix (Chrono Boost)  
  105  8:12  Zealot x6  
  117  8:18  Twilight Council  
  117  8:22  Pylon  
  117  8:28  Phoenix  
  117  8:32  Probe x3  
  120  8:37  Immortal (Chrono Boost)  
  124  8:44  Probe x2  
  124  8:46  Probe  
  127  8:51  Pylon  
  127  8:52  Charge (Chrono Boost)  
  127  8:56  Probe  
  127  8:57  Templar Archives  
  127  9:00  Zealot  
  130  9:07  Phoenix  
  132  9:10  Zealot x2  
  136  9:17  Assimilator  
  136  9:21  Assimilator  
  140  9:27  Pylon  
  140  9:35  Observer  
  140  9:36  Phoenix  
  139  9:39  Probe x2  
  139  9:45  Probe  
  142  9:46  High Templar  
  142  9:47  Pylon x2, High Templar  
  142  9:49  Pylon  
  142  9:51  Pylon, Probe x2  
  148  9:52  Pylon  
  148  9:53  Archon  
  148  9:59  Gateway  
  148  10:03  Gateway  
  148  10:04  Phoenix (Chrono Boost)  
  148  10:06  Disruptor (Chrono Boost)  
  153  10:14  High Templar  
  153  10:17  Pylon  
  153  10:19  High Templar  
  153  10:20  Zealot  
  159  10:25  Phoenix, Archon  
  161  10:30  Zealot x2  
  161  10:35  Immortal (Chrono Boost)  
  169  10:45  Zealot x3  
  175  10:53  High Templar x2  
  175  10:54  Zealot x2  
  183  10:58  Archon  
  183  11:03  Zealot x2  
  154  11:20  Phoenix (Chrono Boost)  
  154  11:22  Stalker x5  
  152  11:35  Observer  
  151  11:50  High Templar x3  
  151  11:51  High Templar  
  151  11:52  Zealot x5  
  169  11:54  Archon  
  169  11:56  Archon  
  143  12:19  Zealot x5  

Tags
 
Add a new tag
Caveats
  • Supply blocks, unpowered buildings, or Contaminate may cause inaccurate times.
  • Supply counts are checked every 10 seconds.